Match 34401547
Unlisted

Match 34401547
End
Kradschützen Motorcycle Team
Panzergrenadier Squad
Selects Italian Combined Arms Battlegroup
Panzergrenadier Squad
Construct Light Support Kompanie
Panzergrenadier Squad
Construct Mechanized Kompanie
Veteran Squad Leaders
Vehicle Survival Package
Assault Mechanized Group
Selects Semovente da 75/18 Assault Gun
Support Armor Elements
18-tonne Recovery Half-track
Tungsten Core Ammunition
Rapid Advance
Selects Carro Armato M13/40 Light Tank
Selects Carro Armato M13/40 Light Tank
Carro Armato M13/40 Light Tank
Construct Panzerarmee Kommand
Advanced Optics
watertiger
ラブライブ!
Pluto
Frenzy
メғєαʀʟєss
прорыв
✿安丨稳✿
matrix4x4
0
0

Comments sign in to comment!

No comments posted yet!